 Dungeon Sprint DCSS version 0.27-a0-597-g524d869a0f (webtiles) character file.

Game seed: 12077528647911552773

81 hellse the Insei (level 4, -6/55 HPs)
             Began as a Gnoll Transmuter on Mar 12, 2021.
             Mangled by an ogre
             ... wielding a +0 giant club
              (20 damage)
             ... in the Dungeon (Sprint IX: "|||||||||||||||||||||||||||||").
             The game lasted 00:00:22 (118 turns).

hellse the Insei (Gnoll Transmuter)                  Turns: 118, Time: 00:00:22

Health: -6/55      AC:  2    Str: 10    XL:     4   Next: 42%
Magic:  6/11       EV: 14    Int: 12    God:
Gold:   0          SH:  0    Dex: 13    Spells: 13/14 levels left

rFire    . . .     SeeInvis .     - Unarmed
rCold    . . .     Faith    .   (no shield)
rNeg     . . .     Spirit   .   a - +0 robe
rPois    .         Reflect  .   (helmet currently unavailable)
rElec    .         Harm     .   (no cloak)
rCorr    .         Rampage  .   (no gloves)
Will     .....     NoTele   +   (boots currently unavailable)
Stlth    ..........             (no amulet)
HPRegen  0.18/turn              (no ring)
MPRegen  0.12/turn              (no ring)

@: berserking, appendages, very quick
A: fangs 1, horns 2, talons 2, strong nose, distributed training
a: End Transformation


You were in the Dungeon.
You had grown temporary horns.
You had grown temporary talons.
You visited 1 branch

Inventory:

Armour
 a - a +0 robe (worn)
Scrolls
 h - a scroll of blinking
Potions
 c - a potion of curing
 d - a potion of heal wounds
 e - a potion of haste
 f - 2 potions of magic


   Skills:
 + Level 3.8 Fighting
 + Level 2.7 Short Blades
 + Level 2.7 Long Blades
 + Level 2.7 Axes
 + Level 2.7 Maces & Flails
 + Level 2.7 Polearms
 + Level 2.7 Staves
 + Level 2.7 Slings
 + Level 2.7 Bows
 + Level 2.7 Crossbows
 + Level 2.7 Throwing
 + Level 2.7 Armour
 + Level 5.3 Dodging
 + Level 2.7 Stealth
 + Level 2.7 Shields
 + Level 7.1 Unarmed Combat
 + Level 5.7 Spellcasting
 + Level 2.2 Conjurations
 + Level 2.2 Hexes
 + Level 2.2 Summonings
 + Level 2.2 Necromancy
 + Level 2.2 Translocations
 + Level 4.4 Transmutations
 + Level 2.2 Fire Magic
 + Level 2.2 Ice Magic
 + Level 2.2 Air Magic
 + Level 2.2 Earth Magic
 + Level 2.2 Poison Magic
 + Level 3.0 Invocations
 + Level 2.7 Evocations


You had 13 spell levels left.
You knew the following spells:

 Your Spells              Type           Power      Damage    Failure   Level
a - Beastly Appendage     Tmut           28%        N/A       3%          1

Your spell library contained the following spells:

 Spells                   Type           Power      Damage    Failure   Level
 Wereblood                Tmut           14%        N/A       4%          2
 Spider Form              Tmut/Pois      5%         N/A       14%         3
 Ice Form                 Ice/Tmut       11%        N/A       43%         4
 Blade Hands              Tmut           7%         N/A       63%         5


Dungeon Overview and Level Annotations

Branches:
Dungeon (1/1)

Altars:


Innate Abilities, Weirdness & Mutations

You have very sharp teeth.
Your uncanny sense of smell can sniff out nearby items.
Your experience applies equally to all skills.
You have a pair of horns on your head.
You have razor-sharp toenails.


Message History

Your Maces & Flails skill increases to level 2!
Your Polearms skill increases to level 2!
Your Staves skill increases to level 2!
Your Slings skill increases to level 2!
Your Bows skill increases to level 2!
Your Crossbows skill increases to level 2!
Your Throwing skill increases to level 2!
Your Armour skill increases to level 2!
Your Dodging skill increases to level 5!
Your Stealth skill increases to level 2!
Your Shields skill increases to level 2!
Your Unarmed Combat skill increases to level 7!
Your Conjurations skill gained 2 levels and is now at level 2!
Your Hexes skill gained 2 levels and is now at level 2!
Your Summonings skill gained 2 levels and is now at level 2!
Your Necromancy skill gained 2 levels and is now at level 2!
Your Translocations skill gained 2 levels and is now at level 2!
Your Transmutations skill increases to level 4!
Your Fire Magic skill gained 2 levels and is now at level 2!
Your Ice Magic skill gained 2 levels and is now at level 2!
Your Air Magic skill gained 2 levels and is now at level 2!
Your Earth Magic skill gained 2 levels and is now at level 2!
Your Poison Magic skill gained 2 levels and is now at level 2!
Your Invocations skill gained 2 levels and is now at level 3!
Your Evocations skill increases to level 2!
You have reached level 2!
You have reached level 3!
Your experience leads to an increase in your attributes!
Increase (S)trength, (I)ntelligence, or (D)exterity?
You feel stronger.
You have reached level 4!
You feel agile.
Unknown command.
Unknown command.
Unknown command.
You closely miss the ogre. Your headbutt misses the ogre.
The orc wizard gestures at itself while chanting.
The orc wizard flickers and vanishes!
Deactivating autopickup; reactivate with Ctrl-A.
The ogre hits you with a +0 giant club!!
You die...

▓.▓
▓.▓
▓)▓
▓)▓
▓.▓
▓.▓
∆
▓.▓
∆
▓.▓
∆
▓@▓
∆
▓O▓
∆
▓.▓
∆
▓{▓
∆
▓Z▓
∆
▓Z▓
∆
▓+▓
∆


You could see an ogre, an adder zombie and a bat skeleton.

Vanquished Creatures
  A centaur (D)
  A giant cockroach (D)
  A goblin (D)
  A hobgoblin (D)
  A kobold (D)
  A rat (D)
6 creatures vanquished.

Notes
Turn   | Place    | Note
-------+----------+-------------------------------------------
     0 | D        | hellse the Gnoll Transmuter began the quest for the Orb.
     0 | D        | Reached XP level 1. HP: 17/17 MP: 6/6
    14 | D        | Reached skill level 5 in Spellcasting
    14 | D        | Reached skill level 1 in Invocations
    18 | D        | Reached skill level 1 in Short Blades
    18 | D        | Reached skill level 1 in Long Blades
    18 | D        | Reached skill level 1 in Axes
    18 | D        | Reached skill level 1 in Maces & Flails
    18 | D        | Reached skill level 1 in Polearms
    18 | D        | Reached skill level 1 in Staves
    18 | D        | Reached skill level 1 in Slings
    18 | D        | Reached skill level 1 in Bows
    18 | D        | Reached skill level 1 in Crossbows
    18 | D        | Reached skill level 1 in Throwing
    18 | D        | Reached skill level 1 in Armour
    18 | D        | Reached skill level 1 in Stealth
    18 | D        | Reached skill level 1 in Shields
    18 | D        | Reached skill level 1 in Evocations
   110 | D        | Noticed a centaur
   110 | D        | Noticed an ogre
   110 | D        | Noticed an orc wizard
   117 | D        | Killed a centaur
   118 | D        | Reached skill level 5 in Dodging
   118 | D        | Reached skill level 7 in Unarmed Combat
   118 | D        | Reached XP level 2. HP: 9/25 MP: 5/8
   118 | D        | Reached XP level 3. HP: 11/30 MP: 6/10
   118 | D        | Reached XP level 4. HP: 14/37 MP: 6/11
   118 | D        | Mangled by an ogre

Illustrated notes

Levels and vault maps discovered:
D:        linesprint [early_d, line_temple, items_1, d_10, items_2, lair_1,
          lair_end, items_3, orc_1, orc_end, items_4, d_15, swamp_1, shoals_1,
          snake_1, spider_1, d_20, vaults_1, items_5, swamp_end, shoals_end,
          snake_end, spider_end, vaults_end, d_27, items_6, zot_1, zot_end,
          crypt_end, forest_end, elf_end, slime_end, tomb_end, abyss_end,
          pan_hell_end]

Skill      XL: |  1 |
---------------+----+-----
Spellcasting   | 5 |  5.7
Invocations    | 3 |  3.0
Short Blades   | 2 |  2.7
Long Blades    | 2 |  2.7
Axes           | 2 |  2.7
Maces & Flails | 2 |  2.7
Polearms       | 2 |  2.7
Staves         | 2 |  2.7
Slings         | 2 |  2.7
Bows           | 2 |  2.7
Crossbows      | 2 |  2.7
Throwing       | 2 |  2.7
Armour         | 2 |  2.7
Stealth        | 2 |  2.7
Shields        | 2 |  2.7
Evocations     | 2 |  2.7
Fighting       | 3 |  3.8
Dodging        | 5 |  5.3
Unarmed Combat | 7 |  7.1
Conjurations   | 2 |  2.2
Hexes          | 2 |  2.2
Summonings     | 2 |  2.2
Necromancy     | 2 |  2.2
Translocations | 2 |  2.2
Transmutations | 4 |  4.4
Fire Magic     | 2 |  2.2
Ice Magic      | 2 |  2.2
Air Magic      | 2 |  2.2
Earth Magic    | 2 |  2.2
Poison Magic   | 2 |  2.2

Action                   |  1- 3 |  4- 6 || total
-------------------------+-------+-------++-------
Melee: Unarmed           |    17 |     1 ||    18
       Kick              |     6 |       ||     6
       Headbutt          |     2 |       ||     2
       Bite              |     1 |       ||     1
 Cast: Beastly Appendage |     2 |       ||     2
  Use: Potion            |     1 |       ||     1
 Stab: Distracted        |     1 |       ||     1
Dodge: Dodged            |     6 |       ||     6

Table legend: (Time is in decaauts)
 A = Elapsed time spent in this place.
 B = Non-inter-level travel time spent in this place.
 C = Inter-level travel time spent in this place.
 D = Time resting spent in this place.
 E = Time spent auto-exploring this place.
 F = Levels seen in this place.
 G = Mean time per level.
                   A        B        C        D        E       F      G
               +--------+--------+--------+--------+--------+-----+--------+
         Total |    115 |    115 |      0 |     82 |      0 |   1 |  115.0 |
       Dungeon |    115 |    115 |      0 |     82 |      0 |   1 |  115.0 |
               +--------+--------+--------+--------+--------+-----+--------+

Top non-repeatable levels by time:
       D: 115 daAuts
